Map: 2000 Atmospheres LE

Players

ShoWTimE

  • Race: Protoss Protoss

souL - Winner!

  • Race: Terran Terran

Event: DreamHack SC2 Masters 2021 Fall

VOD

Have the link to the VOD?

Description

Time

  • Played on: Aug. 12, 2021, 1:47 p.m.
  • Length: 12:54

All games in this series

Show
View Real Time Build Order
Export as new Build Order

ShoWTimE Protoss 

Build Orders:  

Get SALT Encoding   

  12  0:00  Probe  
  13  0:12  Probe  
  14  0:16  Pylon  
  14  0:24  Probe  
  15  0:34  Gateway  
  15  0:36  Probe (Chrono Boost)  
  16  0:46  Assimilator, Probe (Chrono Boost)  
  17  0:51  Probe (Chrono Boost)  
  18  1:03  Probe  
  19  1:15  Probe  
  20  1:25  Cybernetics Core  
  20  1:29  Gateway, Probe  
  20  1:32  Pylon, Zealot  
  23  1:40  Assimilator  
  23  1:50  Probe  
  24  1:58  Stalker (Chrono Boost)  
  24  2:02  Probe  
  24  2:04  Shield Battery  
  27  2:12  Pylon  
  27  2:14  Probe  
  28  2:16  Warp Gate  
  28  2:21  Stalker (Chrono Boost)  
  30  2:35  Stalker (Chrono Boost)  
  32  2:45  Stalker  
  34  2:53  Probe  
  35  3:05  Probe  
  35  3:06  Stalker  
  35  3:16  Pylon  
  35  3:19  Probe  
  36  3:32  Nexus  
  36  3:33  Probe  
  37  3:39  Twilight Council  
  37  3:45  Probe  
  38  3:52  Pylon  
  38  3:57  Probe  
  38  4:01  Robotics Facility  
  39  4:10  Probe  
  39  4:13  Sentry x2  
  44  4:23  Probe  
  45  4:24  Blink (Chrono Boost)  
  45  4:35  Probe (Chrono Boost)  
  46  4:43  Stalker  
  50  4:46  Probe (Chrono Boost)  
  50  4:47  Probe (Chrono Boost)  
  50  4:54  Probe x2 (Chrono Boost)  
  50  4:59  Probe (Chrono Boost)  
  50  5:01  Probe  
  50  5:03  Observer  
  53  5:11  Probe  
  53  5:13  Probe  
  55  5:17  Pylon  
  55  5:23  Probe  
  55  5:25  Probe  
  55  5:27  Observer  
  58  5:29  Nexus  
  58  5:35  Probe  
  59  5:37  Probe  
  59  5:39  Stalker  
  59  5:41  Stalker  
  64  5:45  Assimilator  
  64  5:47  Probe  
  64  5:49  Probe  
  66  5:53  Assimilator  
  66  5:59  Probe (Chrono Boost)  
  66  6:03  Pylon  
  68  6:06  Observer, Probe (Chrono Boost)  
  68  6:11  Charge, Gateway, Probe (Chrono Boost)  
  69  6:16  Probe (Chrono Boost)  
  69  6:17  Gateway  
  70  6:19  Probe (Chrono Boost)  
  70  6:24  Pylon  
  71  6:27  Probe (Chrono Boost)  
  71  6:29  Gateway  
  71  6:31  Probe (Chrono Boost)  
  73  6:35  Templar Archives  
  74  6:42  Probe (Chrono Boost)  
  74  6:43  Probe (Chrono Boost)  
  74  6:44  Gateway  
  74  6:45  Probe (Chrono Boost)  
  76  6:48  Probe (Chrono Boost)  
  76  6:49  Gateway  
  76  6:53  Gateway, Probe (Chrono Boost)  
  79  6:56  Probe (Chrono Boost)  
  79  6:59  Probe (Chrono Boost)  
  81  7:02  Probe (Chrono Boost)  
  81  7:04  Assimilator x2  
  81  7:06  Probe (Chrono Boost)  
  81  7:07  Probe (Chrono Boost)  
  84  7:09  Probe (Chrono Boost)  
  84  7:11  Probe  
  84  7:13  Psionic Storm  
  84  7:14  Probe  
  84  7:15  Zealot x2  
  86  7:16  High Templar  
  89  7:26  High Templar x2  
  94  7:35  Probe x2  
  94  7:36  Probe  
  95  7:41  Pylon  
  95  7:47  Pylon, Warp Prism (Chrono Boost)  
  95  7:49  High Templar  
  99  7:55  Forge  
  99  7:57  Forge  
  99  8:02  Observer, Zealot  
  99  8:03  Zealot x2  
  105  8:12  High Templar x3, Zealot  
  113  8:17  Archon  
  113  8:18  Immortal  
  113  8:19  Pylon  
  117  8:25  Protoss Ground Armor Level 1 (Chrono Boost)  
  117  8:31  Pylon  
  117  8:32  Pylon  
  117  8:33  Pylon  
  117  8:35  Protoss Ground Weapons Level 1 (Chrono Boost)  
  117  8:40  Nexus  
  117  8:44  Pylon  
  117  8:45  High Templar  
  117  8:46  Probe x3  
  122  8:52  Zealot x2  
  126  9:00  Observer  
  126  9:04  High Templar x2  
  126  9:05  Zealot x3  
  126  9:09  Probe  
  137  9:10  Archon  
  137  9:12  Probe x2  
  139  9:22  Probe  
  139  9:23  Pylon  
  140  9:24  Probe x2  
  140  9:25  Pylon  
  140  9:29  Zealot x2  
  140  9:30  Zealot x4  
  154  9:33  Zealot x6  
  154  9:38  Zealot  
  154  9:45  Gateway  
  156  9:50  Gateway  
  156  9:52  Observer, Probe x4  
  160  9:53  Pylon  
  160  9:56  Robotics Bay  
  160  9:57  Robotics Facility  
  160  10:04  Probe  
  161  10:09  Stalker x6  
  161  10:10  Zealot  
  175  10:17  Phoenix  
  175  10:18  Probe  
  175  10:19  Assimilator, Probe  
  177  10:21  Assimilator  
  157  10:39  High Templar x6  
  157  10:40  Zealot  
  119  10:59  Zealot x3  
  119  11:02  Zealot  
  115  11:17  Zealot x5  
  122  11:18  Stalker  
  122  11:20  Pylon  
  122  11:24  Stalker x4  
  123  11:38  Archon  
  108  12:04  Pylon  
  108  12:05  Pylon  
  108  12:07  Pylon  
  108  12:11  Pylon  
  74  12:32  Zealot x8  
Show
View Real Time Build Order
Export as new Build Order

souL Terran - Winner!

Build Orders:  

Get SALT Encoding   

  12  0:00  SCV  
  13  0:12  SCV  
  14  0:17  Supply Depot  
  14  0:24  SCV  
  15  0:39  Barracks  
  15  0:50  Barracks  
  15  0:54  SCV  
  16  1:06  SCV  
  16  1:07  Refinery  
  17  1:18  SCV  
  18  1:26  Marine  
  18  1:30  Orbital Command  
  19  1:35  Supply Depot  
  19  1:38  Marine  
  20  1:44  Marine  
  21  1:53  Bunker  
  21  1:56  Marine  
  22  2:11  Factory  
  22  2:12  SCV  
  22  2:15  Marine x2  
  25  2:24  SCV  
  26  2:32  Marine  
  26  2:34  Refinery  
  26  2:36  SCV  
  28  2:44  Supply Depot  
  28  2:48  SCV  
  29  2:52  Marine  
  30  3:01  Widow Mine  
  31  3:06  Starport  
  31  3:10  SCV  
  31  3:23  SCV  
  31  3:28  Supply Depot  
  31  3:38  SCV, Widow Mine  
  34  3:42  Command Center  
  34  3:44  Medivac  
  36  3:50  SCV  
  36  3:55  Bunker  
  37  4:01  Factory Tech Lab  
  37  4:02  SCV  
  38  4:10  Barracks  
  38  4:14  SCV  
  39  4:22  Siege Tank, Starport Tech Lab  
  42  4:27  Supply Depot  
  42  4:31  SCV  
  43  4:46  Barracks Reactor, SCV  
  44  5:01  SCV  
  44  5:02  Command Center  
  45  5:11  Siege Tank  
  45  5:13  SCV  
  49  5:15  Marine  
  49  5:17  Bunker  
  49  5:19  Orbital Command  
  50  5:25  SCV, Stimpack  
  51  5:37  SCV, Engineering Bay  
  51  5:39  Marine x3  
  55  5:45  SCV  
  57  5:50  SCV  
  57  5:52  Supply Depot  
  58  5:57  SCV  
  58  5:59  Siege Tank  
  58  6:02  SCV  
  62  6:05  Barracks, Terran Infantry Weapons Level 1  
  62  6:09  Marine, SCV  
  64  6:12  Marine x2  
  64  6:14  SCV  
  64  6:16  Orbital Command  
  67  6:22  Refinery, SCV  
  67  6:25  Refinery  
  67  6:26  SCV  
  67  6:29  Starport Reactor  
  67  6:30  Marauder  
  70  6:33  Missile Turret  
  70  6:34  SCV  
  70  6:38  SCV  
  72  6:44  SCV  
  72  6:46  SCV  
  74  6:52  SCV, Barracks  
  74  6:53  Barracks  
  75  6:55  Barracks Tech Lab, Siege Tank  
  75  6:56  Orbital Command  
  75  6:58  SCV  
  79  7:04  SCV, Marauder  
  81  7:10  SCV  
  80  7:16  SCV  
  80  7:20  Marine  
  80  7:21  Marauder  
  84  7:23  SCV  
  84  7:25  SCV  
  84  7:26  Marauder  
  84  7:28  SCV  
  89  7:31  Medivac x2  
  93  7:38  Supply Depot  
  93  7:39  Bunker  
  93  7:42  Supply Depot  
  93  7:43  Supply Depot  
  93  7:44  Combat Shield  
  93  7:45  Concussive Shells  
  93  7:48  Missile Turret  
  93  7:49  Refinery  
  93  7:52  Refinery  
  93  7:55  SCV x3, Siege Tank  
  99  8:00  Terran Infantry Armor Level 1  
  99  8:02  Supply Depot  
  99  8:04  Barracks Reactor, Barracks Tech Lab  
  99  8:05  Supply Depot  
  99  8:07  Marine, SCV x3, Marauder x2  
  107  8:13  Supply Depot  
  107  8:14  Missile Turret  
  107  8:19  SCV x2  
  109  8:22  SCV  
  109  8:23  Command Center  
  110  8:30  Supply Depot  
  110  8:31  SCV  
  112  8:34  SCV x2  
  112  8:37  Ghost Academy, Siege Tank  
  116  8:42  Marauder x2  
  116  8:43  SCV  
  116  8:44  Marauder  
  116  8:46  SCV  
  116  8:47  SCV  
  125  8:53  Armory  
  125  8:55  SCV  
  125  8:56  Engineering Bay  
  125  8:58  SCV  
  125  8:59  SCV  
  131  9:03  Medivac  
  131  9:05  Medivac  
  131  9:08  Ghost x2  
  135  9:15  Ghost  
  137  9:17  Marine x4  
  137  9:23  Supply Depot  
  137  9:24  Supply Depot  
  139  9:32  Missile Turret  
  139  9:33  Supply Depot, SCV  
  139  9:35  Marine x4  
  139  9:37  Marine, Marauder  
  147  9:45  Marauder  
  149  9:48  Terran Infantry Weapons Level 2  
  149  9:51  SCV  
  150  9:53  Marine x4  
  150  9:54  Supply Depot  
  150  9:55  Marine  
  150  9:58  Marine  
  156  10:01  Siege Tank  
  156  10:03  Medivac  
  156  10:04  SCV  
  156  10:05  Ghost  
  164  10:11  Marine x2  
  164  10:12  Viking  
  164  10:13  Marauder  
  170  10:17  SCV, Marauder  
  170  10:20  SCV  
  174  10:24  SCV  
  175  10:31  Refinery  
  175  10:32  Marine x4  
  175  10:33  Medivac, Siege Tank  
  175  10:34  Marine x2, Engineering Bay  
  175  10:35  Refinery  
  180  10:37  Marine  
  180  10:42  Medivac  
  157  10:50  Marine x4  
  157  10:52  Marine x2  
  157  10:55  Marine  
  146  11:05  Siege Tank  
  146  11:08  Marine x4  
  146  11:09  Marine  
  146  11:10  Medivac  
  148  11:12  Planetary Fortress, Medivac  
  152  11:27  Supply Depot  
  152  11:28  Supply Depot  
  152  11:29  Supply Depot  
  152  11:30  Supply Depot  
  136  11:49  SCV x2, Orbital Command, Marauder  
  136  11:50  Marine, Marauder x2  
  136  11:51  Ghost Academy  
  145  11:54  Sensor Tower  
  145  11:56  Liberator x2  
  145  11:57  Siege Tank  
  155  12:01  SCV  
  155  12:02  SCV  
  155  12:06  SCV  
  155  12:08  Marine  
  157  12:11  Marauder  
  157  12:12  Marauder x2  
  164  12:21  SCV x2  
  163  12:25  Marine  
  163  12:26  Marine  
  142  12:30  Marine x2  
  142  12:32  Marauder  
  142  12:33  Marine, Marauder  

Tags
 
Add a new tag
Caveats
  • Supply blocks, unpowered buildings, or Contaminate may cause inaccurate times.
  • Supply counts are checked every 10 seconds.